 Dungeon Crawl Stone Soup version 0.21-a0-426-g98080a9 (webtiles) character file.

60 mastercheaf21 the Cudgeler (level 3, 0/33 HPs)
             Began as a Minotaur Berserker on Nov 6, 2017.
             Was a Believer of Trog.
             Succumbed to an adder's poison
             ... on level 2 of the Dungeon.
             The game lasted 00:06:54 (1227 turns).

mastercheaf21 the Cudgeler (Minotaur Berserker)     Turns: 1227, Time: 00:06:54

Health: 0/33       AC:  3    Str: 22    XL:     3   Next: 80%
Magic:  2/2        EV: 12    Int:  4    God:    Trog [**....]
Gold:   91         SH:  0    Dex:  9    Spells: 2/2 levels left

rFire    . . .     SeeInvis .   a - +0 mace
rCold    . . .     Gourm    .   (no shield)
rNeg     . . .     Faith    .   k - +0 leather armour
rPois    .         Spirit   +   (helmet restricted)
rElec    .         Reflect  .   (no cloak)
rCorr    .         Harm     .   (no gloves)
MR       .....                  (no boots)
Stlth    +.........             j - amulet of guardian spirit
HPRegen  0.11/turn              (no ring)
MPRegen  0.08/turn              (no ring)

@: lethally poisoned (0 -> -6)
A: retaliatory headbutt, horns 2
a: Berserk, Trog's Hand, Burn Spellbooks, Renounce Religion


You were on level 2 of the Dungeon.
You worshipped Trog.
Trog was pleased with you.
You were full.

You visited 1 branch of the dungeon, and saw 2 of its levels.

You collected 91 gold pieces.

Inventory:

Hand Weapons
 a - a +0 mace (weapon)
Missiles
 h - 5 tomahawks (quivered)
 l - 17 bolts
Armour
 b - a +0 animal skin
 k - a +0 leather armour (worn)
Jewellery
 j - an amulet of guardian spirit (around neck)
Scrolls
 e - a scroll of fog {unknown}
 g - 3 scrolls of teleportation {unknown}
 m - a scroll of identify {unknown}
Potions
 f - a potion of lignification {unknown}
 o - a potion of magic {unknown}
Comestibles
 c - a bread ration
 d - a royal jelly
 i - 7 chunks of flesh
 n - a meat ration


   Skills:
 + Level 4.2 Fighting
 * Level 5.4 Maces & Flails
 - Level 2.4 Armour
 - Level 2.1 Dodging


You had 2 spell levels left.
You didn't know any spells.

Dungeon Overview and Level Annotations

Branches:
Dungeon (2/15)

Altars:


Innate Abilities, Weirdness & Mutations

You reflexively headbutt those who attack you in melee.
You have a pair of horns on your head.


Message History

* * * LOW HITPOINT WARNING * * *
You are more poisoned.
The adder poisons you!
You hit the adder.
The adder is almost dead.
* * * LOW HITPOINT WARNING * * *
You feel sick. The adder closely misses you. You furiously retaliate!
You headbutt the adder.
You kill the adder!
Trog accepts your kill.
* * * LOW HITPOINT WARNING * * *
You feel sick.
You see here an adder corpse.
You aren't quite hungry enough to eat that!
You eat one of the 2 bread rations.
That bread ration really hit the spot!
* * * LOW HITPOINT WARNING * * *
You feel sick.
* * * LOW HITPOINT WARNING * * *
You feel sick.
You die...

#..##.# ####..##.#
#.......?# ...
#........######## ...
#.........#.....## ....
#................##
....##.........†.......#
.....#.................#
................@......#
###...........$........#
####)................#
######.÷.............?##
....#..........#.....##
....#..##>.###########
.......##..#
.....#.###.# ....##.# .#


There were no monsters in sight!

Vanquished Creatures
  2 adders (D:2)
  3 leopard geckos (D:1)
  A ball python (D:1)
  3 giant cockroaches (D:1)
  6 goblins
  6 hobgoblins
  A quokka (D:2)
  3 bats
  4 frilled lizards
  4 kobolds
  3 rats (D:1)
36 creatures vanquished.

Notes
Turn   | Place    | Note
-------+----------+-------------------------------------------
     0 | D:1      | mastercheaf21 the Minotaur Berserker began the quest for the Orb.
     0 | D:1      | Reached XP level 1. HP: 19/19 MP: 0/0
   348 | D:1      | Reached skill level 4 in Maces & Flails
   348 | D:1      | Reached XP level 2. HP: 23/27 MP: 1/1
   859 | D:1      | Reached XP level 3. HP: 33/33 MP: 2/2
  1091 | D:2      | Reached skill level 5 in Maces & Flails
  1154 | D:2      | Reached ** piety under Trog
  1226 | D:2      | HP: 1/33 [poisoned by an adder]
  1227 | D:2      | Succumbed to an adder's poison

Vault maps used:
D:1:      sevenhm_arrival_forest_fort_small_3
D:2:      first_bread

Skill      XL: |  1  2  3 |
---------------+----------+-----
Maces & Flails | 4 5 |  5.4
Fighting       | 4 |  4.2
Armour         | |  2.4
Dodging        | |  2.1

Action                   || total
-------------------------++-------
Melee: Mace              ||    75
       Headbutt          ||    11
  Eat: Bread ration      ||     1
       Chunk             ||     1
Armor: Animal skin       ||     2
       Leather armour    ||    12
Dodge: Dodged            ||    64

Table legend:
 A = Spawn XP
 B = Non-spawn XP
 C = Spawn XP percentage of total XP
 D = Spawn monster count
 E = Non-spawn monster count
 F = Spawn count percentage of total count
 G = Total turns spent on level
                    A         B        C        D         E        F      G
               +---------+---------+-------+---------+---------+-------+---------
         Total |       0 |      86 |   0.0 |       0 |      36 |   0.0 |  1227
               +---------+---------+-------+---------+---------+-------+---------
           D:1 |       0 |      45 |   0.0 |       0 |      25 |   0.0 |  1079
           D:2 |       0 |      41 |   0.0 |       0 |      11 |   0.0 |   148
               +---------+---------+-------+---------+---------+-------+---------
